 Dungeon Crawl Stone Soup version 0.29.1-2-gbd0b4ee654 (webtiles) character file.

Game seed: 15235047995299237649

496 qeuew the Poker (level 7, 0/47 HPs)
             Began as a Merfolk Gladiator on Nov 14, 2022.
             Was a Follower of Hepliaklqana.
             Succumbed to a water moccasin's poison
             ... on level 5 of the Dungeon.
             The game lasted 00:08:10 (4271 turns).

qeuew the Poker (Merfolk Gladiator)                 Turns: 4271, Time: 00:08:11

Health: 0/47       AC:  8    Str: 17    XL:     7   Next: 15%
Magic:  8/8        EV: 14    Int:  7    God:    Hepliaklqana [*.....]
Gold:   210        SH:  0    Dex: 15    Spells: 6/6 levels left

rFire   + . .      SeeInvis +   a - +0 trident
rCold   . . .      Faith    .   (no shield)
rNeg    + . .      Spirit   .   m - +3 leather armour {rN+}
rPois   .          Reflect  .   c - +0 helmet
rElec   .          Harm     .   (no cloak)
rCorr   .          Rampage  .   (no gloves)
Will    .....                   b - +0 pair of boots
Stlth   +.........              (no amulet)
HPRegen 0.15/turn               h - ring of protection from fire
MPRegen 0.11/turn               j - ring of see invisible

@: mighty, lethally poisoned (0 -> -1)
A: reduced essence, (nimble swimmer 2), mertail
a: Renounce Religion, Recall Ancestor, Ancestor Identity


You were on level 5 of the Dungeon.
You worshipped Hepliaklqana.
Hepliaklqana was aware of your devotion.
You visited 1 branch of the dungeon, and saw 5 of its levels.

You collected 210 gold pieces.

Inventory:

Hand Weapons
 a - a +0 trident (weapon)
Missiles
 d - 3 throwing nets (quivered)
 e - a javelin
Armour
 b - a +0 pair of boots (worn)
 c - a +0 helmet (worn)
 m - a +3 leather armour of positive energy (worn)
Jewellery
 h - a ring of protection from fire (left hand)
 j - a ring of see invisible (right hand)
Wands
 n - a wand of polymorph (15)
 o - a wand of flame (17)
Scrolls
 f - a scroll of fear
 g - 3 scrolls of teleportation
 k - 2 scrolls of amnesia
 p - a scroll of identify
Potions
 l - 3 potions of haste


   Skills:
 + Level 3.7 Fighting
 + Level 5.6 Polearms
 + Level 3.4 Throwing
 + Level 1.9 Armour
 + Level 5.4 Dodging
 + Level 2.2 Invocations
 + Level 2.0 Evocations


You had 6 spell levels left.
You didn't know any spells.
Your spell library contained the following spells:

 Spells                   Type           Power      Damage    Failure   Level
 Beastly Appendage        Tmut           0%         N/A       50%         1
 Summon Small Mammal      Summ           0%         N/A       50%         1
 Ensorcelled Hibernation  Hex/Ice        0%         N/A       63%         2
 Wereblood                Tmut           0%         N/A       63%         2
 Call Canine Familiar     Summ           0%         N/A       86%         3
 Spider Form              Tmut/Pois      0%         N/A       86%         3
 Summon Guardian Golem    Hex/Summ       0%         N/A       86%         3
 Anguish                  Hex/Necr       0%         N/A       99%         4


Dungeon Overview and Level Annotations

Branches:
Dungeon (5/15)
 Temple: D:4-7

Altars:
Hepliaklqana
Kikubaaqudgha
Makhleb
Okawaru

Annotations:
D:3 1 runed translucent door, sanboga's ghost, amateur MiMo


Innate Abilities, Weirdness & Mutations

Your life essence is reduced to manifest your ancestor. (-10% HP)
((You are very nimble when in or above water. (Stealth+, EV+, Speed+++)))
Your lower body shifts to a powerful aquatic tail in water.


Message History

The water moccasin is almost dead.
You feel sick. The water moccasin bites you.
You are lethally poisoned!
The water moccasin poisons you!
The water moccasin bites you but does no damage.
You are too injured to fight recklessly!
You are too injured to fight recklessly!
You are too injured to fight recklessly!
You are too injured to fight recklessly!
You are too injured to fight recklessly!
You are too injured to fight recklessly!
You are too injured to fight recklessly!
You are too injured to fight recklessly!
You puncture the water moccasin!
You kill the water moccasin!
You feel very sick.
Your Evocations skill increases to level 2!
You have reached level 7!
* * * LOW HITPOINT WARNING * * *
You feel very sick.
* * * LOW HITPOINT WARNING * * *
You feel very sick.
Okay, then.
* * * LOW HITPOINT WARNING * * *
You feel sick.
* * * LOW HITPOINT WARNING * * *
You feel sick.
* * * LOW HITPOINT WARNING * * *
You feel sick.
* * * LOW HITPOINT WARNING * * *
You feel sick.
* * * LOW HITPOINT WARNING * * *
You feel sick.
* * * LOW HITPOINT WARNING * * *
You feel sick.
* * * LOW HITPOINT WARNING * * *
You feel sick.
There is an open door, spattered with blood here.
You see here a hound corpse.
You die...

#.#####.###.8#
#.......#
#..#.~~.#
#########
#.##.~~.#
#.##.~~.#
#.##.~~.#
#.8#.~~.#
#..#.~~.#
#'##.~≈.#
#..†@~~.#
#..#.~~.#
#..#.~~.#
#..#.~~.# #
#..#$~~.#
#..#$~~.#
#..#.~≈)#
#..##~≈## ####


There were no monsters in sight!

Vanquished Creatures
  A water moccasin (D:5)
  2 black bears (D:5)
  3 hounds
  An iguana (D:4)
  3 adders
  2 ufetubi
  4 dart slugs
  3 orcs
  6 endoplasms
  A giant cockroach (D:2)
  5 goblins
  5 hobgoblins
  3 quokkas
  4 ball pythons
  5 bats
  2 frilled lizards
  5 kobolds
  5 rats (D:1)
60 creatures vanquished.

Vanquished Creatures (collateral kills)
  A ball python (D:4)
  A kobold (D:4)
2 creatures vanquished.

Vanquished Creatures (others)
  4 ancestors
  7 plants
11 creatures vanquished.

Grand Total: 73 creatures vanquished

Notes
Turn   | Place    | Note
-------+----------+-------------------------------------------
     0 | D:1      | qeuew the Merfolk Gladiator began the quest for the Orb.
     0 | D:1      | Reached XP level 1. HP: 16/16 MP: 1/1
   196 | D:1      | Reached XP level 2. HP: 23/23 MP: 2/2
   753 | D:1      | Found a faded altar of an unknown god.
  1064 | D:2      | Found a hazy altar of Hepliaklqana.
  1162 | D:2      | Became a worshipper of Hepliaklqana the Forgotten
  1195 | D:2      | Reached XP level 3. HP: 15/28 MP: 3/3
  1860 | D:3      | Found an iron altar of Okawaru.
  1860 | D:3      | Found an ancient bone altar of Kikubaaqudgha.
  2270 | D:3      | Found a burning altar of Makhleb.
  2270 | D:3      | Noticed a cacodemon
  2337 | D:3      | Reached * piety under Hepliaklqana
  2401 | D:3      | Found a runed translucent door.
  2413 | D:3      | Noticed sanboga's ghost (amateur MiMo)
  2414 | D:3      | Noticed a kobold brigand
  2694 | D:4      | Reached XP level 4. HP: 30/30 MP: 4/4
  2698 | D:4      | Reached skill level 1 in Armour
  2846 | D:4      | Identified the +7 hand axe of the Burning God {drain,
                  | *Noise rPois Dex+8 Stlth-}
  3174 | D:4      | Reached XP level 5. HP: 19/36 MP: 5/5
  3493 | D:4      | Reached skill level 5 in Polearms
  3493 | D:4      | Reached skill level 1 in Invocations
  3493 | D:4      | Reached skill level 1 in Evocations
  3793 | D:5      | Entered Level 5 of the Dungeon
  4022 | D:5      | Noticed a black bear
  4037 | D:5      | Killed a black bear
  4038 | D:5      | Reached skill level 5 in Dodging
  4038 | D:5      | Reached XP level 6. HP: 18/42 MP: 5/7
  4235 | D:5      | Noticed a water moccasin
  4235 | D:5      | Noticed a black bear
  4249 | D:5      | Killed a black bear
  4261 | D:5      | Killed a water moccasin
  4262 | D:5      | Reached XP level 7. HP: 16/47 MP: 8/8
  4269 | D:5      | HP: 2/47 [poisoned by a water moccasin]
  4271 | D:5      | Succumbed to a water moccasin's poison

Illustrated notes

Levels and vault maps discovered:
D:1:      dpeg_arrival_stone_temple_mockup, layout_basic,
          shapermc_ecumenical_altar_ellora, serial_bayou_lake_a
D:2:      layout_basic, basic_altar
D:3:      layout_loops_corners, makhleb_altar_promises_db,
          gammafunk_temple_overflow_wave, ebering_ghost_inner_flame,
          nrook_mini_backslash, kennysheep_boxes
D:4:      layout_loops_cross, serial_bayou_lagoon_b
D:5:      wad_river_or_something, layout_basic, fedhas_altar_2,
          gammafunk_ghost_necromancy

Skill      XL: |  1  2  3  4  5  6 |
---------------+-------------------+-----
Armour         | 1 |  1.9
Fighting       | 3 |  3.7
Polearms       | 5 |  5.6
Invocations    | 1 2 |  2.2
Evocations     | 1 2 |  2.0
Throwing       | 3 |  3.4
Dodging        | 5 |  5.4

Action                   |  1- 3 |  4- 6 |  7- 9 || total
-------------------------+-------+-------+-------++-------
Melee: Trident           |    97 |   107 |       ||   204
Invok: Ancestor Identity |     1 |     1 |       ||     2
       Recall Ancestor   |     1 |       |       ||     1
  Use: Scroll            |    10 |     2 |       ||    12
       Potion            |     5 |     5 |       ||    10
 Stab: Sleeping          |     3 |     2 |       ||     5
Armor: Leather armour    |    18 |    37 |       ||    55
Dodge: Dodged            |    58 |    90 |       ||   148
